[Event "Titled Tuesday Blitz November 08 Early 2022"]
[White "Weetik, Vjacheslav"]
[Black "Faizrakhmanov, Ramil"]
[WhiteFideId "4153472"]
[BlackFideId "24103209"]
[WhiteElo "2469"]
[BlackElo "2437"]
[Result "1/2-1/2"]
[Round "09"]
[TimeControl "180+1"]
[Date "2022.11.08"]
[WhiteClock "0:00:05"]
[BlackClock "0:00:03"]

1. d4 Nf6 2. c4 e6 3. Nf3 d5 4. Nc3 Bb4 5. cxd5 exd5 6. Bg5 h6 7. Bh4 O-O 8. e3 c6 9. Bd3 Bg4 10. h3 Bh5 11. Qc2 Bxf3 12. gxf3 Nbd7 13. Rg1 Qa5 14. O-O-O c5 15. a3 Bxc3 16. Qxc3 Qxc3+ 17. bxc3 Rac8 18. Kd2 Rc6 19. Rb1 b6 20. Rg2 Rfc8 21. Rbg1 Ne8 22. Bf5 R8c7 23. Bg3 Rb7 24. Bf4 Kf8 25. a4 Ndf6 26. Bd3 Re7 27. Rb1 Nd6 28. Rgg1 cxd4 29. cxd4 Nc4+ 30. Ke2 Re8 31. Rgc1 Rec8 32. Rc2 g5 33. Bh2 Ne8 34. Rbc1 Ke7 35. e4 Na5 36. exd5 Rxc2+ 37. Rxc2 Rxc2+ 38. Bxc2 Nd6 39. f4 f6 40. fxg5 hxg5 41. f4 Nac4 42. fxg5 fxg5 43. Kf3 a6 44. Kg4 Ne3+ 45. Kxg5 Nxc2 46. h4 Nxd4 47. Bxd6+ Kxd6 48. h5 Kxd5 49. h6 Ne6+ 50. Kf6 Nf8 51. Kf7 Nh7 52. Kg6 Nf8+ 53. Kf7 Nh7 54. Kg6 Ke6 55. Kxh7 Kf7 56. Kh8 b5 57. axb5 axb5 58. h7 b4 1/2-1/2


[Site "https://www.chess.com"]

[Event "Titled Tuesday Blitz November 08 Early 2022"]
[White "Winkels, Marcel"]
[Black "Zaksaite, Salomeja"]
[WhiteFideId "1003887"]
[BlackFideId "12801496"]
[WhiteElo "1900"]
[BlackElo "2079"]
[Result "1-0"]
[Round "09"]
[TimeControl "180+1"]
[Date "2022.11.09"]
[WhiteClock "0:00:44"]
[BlackClock "0:00:01"]

1. e4 c5 2. Nf3 e6 3. d4 cxd4 4. Nxd4 Nf6 5. Nc3 Nc6 6. Ndb5 d6 7. Bf4 e5 8. Bg5 a6 9. Na3 b5 10. Bxf6 gxf6 11. Nd5 Bg7 12. c3 f5 13. exf5 Bxf5 14. Nc2 Be6 15. Nce3 O-O 16. Bd3 f5 17. Qh5 e4 18. Bc2 Ra7 19. Nf4 Bf7 20. Bb3 Bxb3 21. axb3 Be5 22. Nfd5 f4 23. Ng4 Rg7 24. Nh6+ Kh8 25. g3 e3 26. fxe3 fxg3 27. hxg3 Bxg3+ 28. Kd1 Ne5 29. Nf5 Rxf5 30. Qxf5 Ng4 31. Kc2 Nf2 32. Rhg1 Qg8 33. b4 Rf7 34. Qe6 Qg7 35. Rxg3 Qxg3 36. Qxf7 1-0


[Site "https://www.chess.com"]

[Event "Titled Tuesday Blitz November 08 Early 2022"]
[White "Winterberg, Lukas"]
[Black "Cruz Mendez, Jean Marco"]
[WhiteFideId "24622702"]
[BlackFideId "3526402"]
[WhiteElo "2349"]
[BlackElo "2064"]
[Result "1-0"]
[Round "09"]
[TimeControl "180+1"]
[Date "2022.11.09"]
[WhiteClock "0:00:28"]
[BlackClock "0:00:44"]

1. e4 c5 2. Bc4 e6 3. Nf3 a6 4. c3 d5 5. exd5 exd5 6. Bb3 Nf6 7. d4 c4 8. Bc2 Be7 9. h3 O-O 10. O-O Re8 11. Bf4 Nbd7 12. Re1 Nf8 13. Nbd2 Be6 14. Ne5 Ng6 15. Nxg6 hxg6 16. Bxg6 Bxh3 17. Bxf7+ Kxf7 18. gxh3 Qd7 19. Nf3 Qf5 20. Ne5+ Kg8 21. Qf3 Rf8 22. Kg2 Ne4 23. Bg3 Qe6 24. Qg4 Qh6 25. Re3 Rad8 26. Rae1 Bg5 27. Rf3 Rxf3 28. Nxf3 Bf6 29. Qe6+ Kh8 30. Ne5 Bxe5 31. Qxh6+ gxh6 32. dxe5 Kh7 33. f3 Nc5 34. f4 Kg6 35. Kf3 Kf5 36. e6 Ne4 37. e7 Re8 38. Bh4 Nd2+ 39. Ke3 Ne4 40. Kd4 Ke6 41. f5+ Kxf5 42. Kxd5 Nf6+ 43. Bxf6 Kxf6 44. Kd6 1-0


[Site "https://www.chess.com"]

[Event "Titled Tuesday Blitz November 08 Early 2022"]
[White "Xiong, Jeffery"]
[Black "Tari, Aryan"]
[WhiteFideId "2047640"]
[BlackFideId "1510045"]
[WhiteElo "2725"]
[BlackElo "2612"]
[Result "1/2-1/2"]
[Round "09"]
[TimeControl "180+1"]
[Date "2022.11.08"]
[WhiteClock "0:00:02"]
[BlackClock "0:00:08"]

1. e4 e5 2. d3 Nc6 3. Nd2 Nf6 4. c3 d5 5. Qc2 Bd6 6. b4 O-O 7. Ngf3 Ne7 8. Be2 c6 9. O-O Ng6 10. g3 Bh3 11. Re1 h6 12. Bf1 Qd7 13. Bb2 Rae8 14. a3 Bxf1 15. Nxf1 Qh3 16. Ne3 Ng4 17. c4 Nf4 18. cxd5 cxd5 19. gxf4 Qxf3 20. f5 Rc8 21. Qe2 Qxe2 22. Rxe2 Nxe3 23. fxe3 dxe4 24. dxe4 Rc4 25. Rd1 Bb8 26. Rd7 b6 27. Kf2 Rxe4 28. Rc2 Rh4 29. Kg3 Re4 30. Kf3 Rh4 31. Kg3 Re4 32. Kf3 Rh4 33. Kg3 1/2-1/2


[Site "https://www.chess.com"]

[Event "Titled Tuesday Blitz November 08 Early 2022"]
[White "Yeremyan, Alen"]
[Black "Kopylov, Alexander A."]
[WhiteFideId "13308998"]
[BlackFideId "4164857"]
[WhiteElo "2159"]
[BlackElo "2436"]
[Result "1/2-1/2"]
[Round "09"]
[TimeControl "180+1"]
[Date "2022.11.08"]
[WhiteClock "0:00:20"]
[BlackClock "0:00:13"]

1. c4 Nf6 2. Nc3 e5 3. e4 g6 4. g3 Bg7 5. Bg2 O-O 6. Nge2 d6 7. O-O Nc6 8. d3 Nh5 9. Be3 f5 10. f4 exf4 11. Nxf4 Nxf4 12. Rxf4 Bh6 13. Rf3 Bxe3+ 14. Rxe3 Nd4 15. exf5 Bxf5 16. Bxb7 Rb8 17. Bd5+ Kh8 18. b3 c6 19. Bg2 Qb6 20. Na4 Qa5 21. Re7 Rbe8 22. Qe1 Qd8 23. Rxe8 Rxe8 24. Qc3 Qf6 25. Kh1 Re2 26. Rf1 Rxg2 27. Rxf5 Rxh2+ 28. Kxh2 gxf5 29. Qc1 Qe5 30. Nc3 Nf3+ 31. Kh3 Kg7 32. Qf4 Qxf4 33. gxf4 Kf6 34. Ne2 c5 35. Kg3 Ne1 36. d4 Nc2 37. dxc5 dxc5 38. Nc3 Nb4 39. Na4 Nxa2 40. Nxc5 Nc1 41. b4 Ne2+ 42. Kf3 Nd4+ 43. Kg3 Ne2+ 44. Kf3 Nd4+ 45. Kg3 Ne2+ 1/2-1/2


[Site "https://www.chess.com"]

[Event "Titled Tuesday Blitz November 08 Early 2022"]
[White "Zaichenko, Daria"]
[Black "Forgacs, Attila Jr."]
[WhiteFideId "4197453"]
[BlackFideId "773654"]
[WhiteElo "2039"]
[BlackElo "2168"]
[Result "0-1"]
[Round "09"]
[TimeControl "180+1"]
[Date "2022.11.09"]
[WhiteClock "0:00:11"]
[BlackClock "0:00:11"]

1. e4 e5 2. Nf3 Nc6 3. Bc4 Nf6 4. d3 h6 5. c3 d6 6. Bb3 g5 7. Nbd2 Bg7 8. Nf1 d5 9. Qe2 O-O 10. Ng3 Re8 11. Nxg5 hxg5 12. Bxg5 Qd6 13. Bxf6 Qxf6 14. Nh5 Qg5 15. Nxg7 Kxg7 16. Bxd5 Be6 17. Bxc6 bxc6 18. Kf1 Rh8 19. f3 Rh4 20. g3 Rh3 21. Kg2 Rah8 22. Rag1 Qh6 23. Kf2 Rxh2+ 24. Rxh2 Qxh2+ 25. Rg2 Qh1 26. Qe3 Qh6 27. f4 Qf6 28. f5 Rh1 29. g4 Qh4+ 30. Qg3 Qxg3+ 31. Kxg3 Bxa2 32. c4 Bb3 33. Rd2 Rd1 34. Rxd1 Bxd1 35. g5 Bc2 36. Kf3 Bxd3 37. c5 Kf8 38. b4 Ke7 39. Ke3 Bc2 40. Kf3 Kd7 41. Ke3 Bb1 42. Kf3 Ba2 43. Ke3 Bc4 44. Kf3 Kc8 45. Ke3 Kb7 46. Kf3 Ka6 47. Kg4 Kb5 48. f6 Kxb4 49. Kf5 a5 50. Kxe5 Kxc5 51. Kf5 Be6+ 52. Ke5 Bb3 53. Kf5 a4 54. g6 fxg6+ 55. Kxg6 a3 56. e5 a2 57. f7 Bxf7+ 58. Kxf7 a1=Q 59. e6 Kd6 60. e7 Qf1+ 61. Ke8 Qe2 62. Kd8 Qxe7+ 63. Kc8 Qe8+ 64. Kb7 c5 0-1


[Site "https://www.chess.com"]

[Event "Titled Tuesday Blitz November 08 Early 2022"]
[White "Zainullina, Nataliya"]
[Black "Tate, Alan"]
[WhiteFideId "4145488"]
[BlackFideId "2401878"]
[WhiteElo "2092"]
[BlackElo "2179"]
[Result "0-1"]
[Round "09"]
[TimeControl "180+1"]
[Date "2022.11.09"]
[WhiteClock "0:01:52"]
[BlackClock "0:00:53"]

1. Nf3 Nf6 2. c4 g6 3. b4 Bg7 4. Bb2 O-O 5. e3 d6 6. d4 c5 7. dxc5 dxc5 8. Qxd8 Rxd8 9. b5 Ne4 10. Bxg7 Kxg7 11. Nbd2 Nxd2 12. Nxd2 b6 13. Be2 Bb7 14. O-O Rxd2 0-1


[Site "https://www.chess.com"]

[Event "Titled Tuesday Blitz November 08 Early 2022"]
[White "Zhigalko, Sergei"]
[Black "Le, Tuan Minh"]
[WhiteFideId "13502956"]
[BlackFideId "12401153"]
[WhiteElo "2662"]
[BlackElo "2530"]
[Result "0-1"]
[Round "09"]
[TimeControl "180+1"]
[Date "2022.11.08"]
[WhiteClock "0:00:01"]
[BlackClock "0:00:11"]

1. e4 c5 2. Nf3 Nf6 3. e5 Nd5 4. c3 Nc6 5. Bc4 Nb6 6. Bb3 d5 7. exd6 c4 8. Bc2 Qxd6 9. O-O Bg4 10. Re1 e6 11. b3 cxb3 12. axb3 Be7 13. Na3 O-O 14. Nc4 Nxc4 15. bxc4 Qc7 16. d4 Rfd8 17. Be4 Bf6 18. Qc2 Kh8 19. c5 Bh5 20. Rb1 b6 21. Qa4 Rac8 22. cxb6 axb6 23. Qb5 Bxf3 24. Bxf3 Na5 25. Qxb6 Qxc3 26. Be3 Nc4 27. Qb3 Bxd4 28. Qxc3 Bxc3 29. Re2 Nxe3 30. fxe3 Be5 31. g3 g6 32. Kf2 Kg7 33. Ra2 Rc7 34. Rd1 Rb8 35. Rad2 h5 36. Rd7 Rc3 37. R7d3 Rb2+ 38. R3d2 Rbb3 39. Re2 Bc7 0-1


[Site "https://www.chess.com"]

[Event "Titled Tuesday Blitz November 08 Early 2022"]
[White "czernikowskqa"]
[Black "Turzo, Attila"]
[BlackFideId "704954"]
[WhiteElo "1955"]
[BlackElo "2511"]
[Result "0-1"]
[Round "09"]
[TimeControl "180+1"]
[Date "2022.11.09"]
[WhiteClock "0:00:43"]
[BlackClock "0:00:36"]

1. d4 Nf6 2. c4 g6 3. Nc3 d5 4. Bg5 Ne4 5. h4 Nxc3 6. bxc3 h6 7. Bf4 Nc6 8. Nf3 dxc4 9. e4 Bg7 10. Bxc4 O-O 11. O-O Bg4 12. Be2 Bxf3 13. Bxf3 e5 14. dxe5 Qxh4 15. Bg3 Qe7 16. Qb3 b6 17. e6 fxe6 18. e5 Na5 19. Qc2 Rxf3 20. gxf3 Kh7 21. Rfe1 Rf8 22. Re4 Rxf3 23. Rg4 Rf5 24. Kg2 Nc6 25. f4 Qc5 26. Rh1 Qd5+ 27. Kg1 Qf3 28. Rhh4 Ne7 29. Qg2 Qxc3 30. Bf2 c5 31. Rh3 Qd2 32. Rhg3 Rxf4 33. Rxg6 Nxg6 34. Rxg6 Qd1+ 35. Kh2 Qh5+ 36. Qh3 Qxh3+ 0-1


[Site "https://www.chess.com"]

[Event "Titled Tuesday Blitz November 08 Early 2022"]
[White "Akylbekov, Nasyr"]
[Black "Derjabin, Ilja"]
[WhiteFideId "13800353"]
[BlackFideId "14104768"]
[WhiteElo "2310"]
[BlackElo "2312"]
[Result "0-1"]
[Round "10"]
[TimeControl "180+1"]
[Date "2022.11.09"]
[WhiteClock "0:00:09"]
[BlackClock "0:00:38"]

1. e4 c5 2. Nf3 d6 3. Nc3 Nc6 4. d4 cxd4 5. Nxd4 e5 6. Nxc6 bxc6 7. Bd3 Nf6 8. O-O Be7 9. f4 O-O 10. Qf3 Rb8 11. b3 Qa5 12. Bb2 Re8 13. Ne2 Bg4 14. Qf2 d5 15. fxe5 Bc5 16. Bd4 Bxe2 17. Bxc5 Bxf1 18. Rxf1 dxe4 19. exf6 exd3 20. fxg7 Rb7 21. cxd3 Qc3 22. d4 Qe3 23. Qxe3 Rxe3 24. d5 Rd3 25. dxc6 Rc7 26. b4 Rxc6 27. Bxa7 Ra6 28. Bc5 Rxa2 29. g4 Rdd2 30. Rf2 Kxg7 31. Rxd2 Rxd2 32. b5 Rd5 0-1


[Site "https://www.chess.com"]

[Event "Titled Tuesday Blitz November 08 Early 2022"]
[White "Andrews, Todd"]
[Black "Tokhirjonova, Gulrukhbegim"]
[WhiteFideId "2012456"]
[BlackFideId "14203626"]
[WhiteElo "2447"]
[BlackElo "2236"]
[Result "0-1"]
[Round "10"]
[TimeControl "180+1"]
[Date "2022.11.09"]
[WhiteClock "0:00:05"]
[BlackClock "0:00:06"]

1. e4 e5 2. Nf3 Nc6 3. Bb5 a6 4. Ba4 Nf6 5. O-O Nxe4 6. d4 b5 7. Bb3 d5 8. dxe5 Be6 9. a4 b4 10. c3 Bc5 11. Qe2 O-O 12. Nbd2 bxc3 13. bxc3 Nxc3 14. Qd3 d4 15. Bxe6 fxe6 16. Nb3 Ba7 17. Ng5 g6 18. Nxe6 Nxe5 19. Qh3 Qd5 20. Nxf8 Rxf8 21. Bh6 Rf5 22. Nd2 Bc5 23. Rae1 d3 24. Kh1 Ne2 25. f4 Nf7 26. Rf3 Nxh6 27. Rxd3 Nd4 28. Re8+ Kf7 29. Re5 Rxe5 30. fxe5 Kg7 31. Nf3 Qe4 32. Qg3 Nhf5 33. Qg5 Qxd3 34. Qf6+ Kg8 35. Qd8+ Bf8 36. h4 Qf1+ 37. Ng1 Ne2 0-1


[Site "https://www.chess.com"]

[Event "Titled Tuesday Blitz November 08 Early 2022"]
[White "Antonova, Nadezhda"]
[Black "Chernov, Mikhail"]
[WhiteFideId "14700182"]
[BlackFideId "24143170"]
[WhiteElo "1813"]
[BlackElo "2113"]
[Result "1-0"]
[Round "10"]
[TimeControl "180+1"]
[Date "2022.11.09"]
[WhiteClock "0:00:22"]
[BlackClock "0:00:03"]

1. Nf3 c5 2. b3 Nc6 3. Bb2 d6 4. g3 e5 5. Bg2 g6 6. d3 Bg7 7. O-O Nge7 8. c4 O-O 9. Qc1 f5 10. e3 h6 11. Rd1 Be6 12. d4 cxd4 13. exd4 e4 14. d5 exf3 15. Bxf3 Ne5 16. dxe6 Nxf3+ 17. Kg2 Bxb2 18. Qxb2 Ng5 19. Re1 Qc8 20. Qe2 Qc6+ 21. f3 Rae8 22. h4 Nh7 23. Nc3 d5 24. Nb5 dxc4 25. bxc4 a6 26. Nd4 Qc5 27. Nb3 Qc8 28. Rac1 Nc6 29. Nc5 Rf6 30. Qb2 Nd8 31. Qb4 Nxe6 32. Nxb7 Qb8 33. c5 Nef8 34. Qc4+ Kg7 35. Nd6 Rxe1 36. Rxe1 Qc7 37. Ne8+ 1-0


[Site "https://www.chess.com"]

[Event "Titled Tuesday Blitz November 08 Early 2022"]
[White "Arabidze, Meri"]
[Black "Gareyev, Timur"]
[WhiteFideId "13604040"]
[BlackFideId "14200937"]
[WhiteElo "2403"]
[BlackElo "2552"]
[Result "0-1"]
[Round "10"]
[TimeControl "180+1"]
[Date "2022.11.09"]
[WhiteClock "0:00:05"]
[BlackClock "0:00:07"]

1. Nf3 Nf6 2. d4 c5 3. d5 b5 4. e4 Nxe4 5. Bd3 Qa5+ 6. Nbd2 Nd6 7. O-O c4 8. Be2 Bb7 9. Nd4 Qb6 10. c3 Bxd5 11. a4 a6 12. Bf3 Qb7 13. Re1 e6 14. Bxd5 Qxd5 15. N2f3 Be7 16. axb5 axb5 17. Nxb5 Qxd1 18. Rxa8 Qxe1+ 19. Nxe1 O-O 20. Na3 Nc6 21. Ra4 Ne5 22. Bf4 Nd3 23. Nxd3 cxd3 24. Rd4 Nf5 25. Rxd7 g5 26. Bd2 Rb8 27. Bc1 Bxa3 28. Rxd3 Bxb2 29. Bxg5 Rc8 30. g4 Ng7 31. Bf6 Ne8 32. Be5 f6 33. Bd4 e5 34. Be3 Bxc3 35. Rd7 Ng7 36. Bh6 Ne6 37. h3 Bd4 38. Kg2 Rc6 39. Re7 Ng5 40. Re8+ Kf7 41. Rf8+ Kg6 42. Bxg5 Kxg5 43. Rg8+ Kf4 44. Rg7 e4 45. Rxh7 Rc2 46. Rf7 Rxf2+ 47. Kh1 Rf3 48. Kg2 Rf2+ 49. Kh1 Kg3 50. Kg1 Rf3+ 0-1


[Site "https://www.chess.com"]

[Event "Titled Tuesday Blitz November 08 Early 2022"]
[White "Artemenko, Oleg"]
[Black "Weetik, Vjacheslav"]
[WhiteFideId "14201798"]
[BlackFideId "4153472"]
[WhiteElo "2287"]
[BlackElo "2469"]
[Result "0-1"]
[Round "10"]
[TimeControl "180+1"]
[Date "2022.11.08"]
[WhiteClock "0:00:20"]
[BlackClock "0:01:02"]

1. d4 d5 2. Nc3 Nf6 3. Bf4 c5 4. e3 cxd4 5. exd4 a6 6. Nf3 Nc6 7. Ne5 Bd7 8. Be2 e6 9. O-O Qb6 10. Nxc6 Bxc6 11. Rb1 Be7 12. a3 O-O 13. Bd3 Ne4 14. Bxe4 dxe4 15. Be3 Qa5 16. Ne2 Rad8 17. Ng3 f5 18. Nh5 g5 19. h4 f4 20. Bd2 Qf5 21. hxg5 Bxg5 22. g4 Qd5 23. Bc3 e5 24. dxe5 Qe6 25. Qe1 Qxg4+ 26. Ng3 e3 27. e6 Qf3 0-1


[Site "https://www.chess.com"]

[Event "Titled Tuesday Blitz November 08 Early 2022"]
[White "Averjanov, Alexey"]
[Black "Matinian, Nikita"]
[WhiteFideId "14109867"]
[BlackFideId "24129100"]
[WhiteElo "2589"]
[BlackElo "2422"]
[Result "0-1"]
[Round "10"]
[TimeControl "180+1"]
[Date "2022.11.09"]
[WhiteClock "0:01:01"]
[BlackClock "0:00:43"]

1. d4 Nf6 2. c4 e6 3. Nf3 Bb4+ 4. Nbd2 O-O 5. g3 b6 6. Bg2 Bb7 7. O-O d5 8. b3 Bc3 9. Rb1 c5 10. e3 Nc6 11. dxc5 bxc5 12. cxd5 exd5 13. Bb2 d4 14. Nc4 Ne4 15. exd4 cxd4 16. Re1 Re8 17. a3 Qf6 18. Qd3 Bxb2 19. Rxb2 Nc5 20. Rxe8+ Rxe8 21. Qd1 d3 22. Rd2 a5 23. Ne1 Qc3 24. Bf1 Nd4 25. Nd6 Rxe1 26. Qh5 Nf3+ 27. Kg2 Nxd2+ 28. Nxb7 Nxb7 0-1


[Site "https://www.chess.com"]

[Event "Titled Tuesday Blitz November 08 Early 2022"]
[White "Baches Garcia, Guillermo"]
[Black "Gonzalez Vega, Alejandro"]
[WhiteFideId "2209764"]
[BlackFideId "3510042"]
[WhiteElo "2445"]
[BlackElo "2291"]
[Result "1-0"]
[Round "10"]
[TimeControl "180+1"]
[Date "2022.11.09"]
[WhiteClock "0:00:47"]
[BlackClock "0:00:04"]

1. e4 c5 2. Nf3 a6 3. c4 d6 4. Nc3 Nf6 5. d4 cxd4 6. Nxd4 e6 7. Be2 Qc7 8. O-O Nbd7 9. Be3 Be7 10. a4 b6 11. a5 bxa5 12. Nb3 O-O 13. Nxa5 Rb8 14. Qd2 Ne5 15. f3 Rd8 16. Rfc1 Nc6 17. Nd5 exd5 18. cxd5 Bd7 19. Nxc6 Bxc6 20. Rxc6 Qb7 21. Rb6 Qc7 22. Rbxa6 Nd7 23. b4 Bf6 24. Rc1 Qb7 25. b5 Nc5 26. Bxc5 dxc5 27. Rc6 Bd4+ 28. Kh1 Qe7 29. Qf4 h6 30. Rc7 Qf6 31. Qxf6 gxf6 32. g3 Rb6 33. Rc6 Rdb8 34. Rc2 R6b7 35. Ra2 Kg7 36. Kg2 Kg6 37. h4 h5 38. f4 Rxb5 39. Bxb5 Rxb5 40. e5 Rb1 41. Rxf6+ Kg7 42. Ra7 Rg1+ 43. Kh2 Rf1 44. Rfxf7+ Kg8 45. Rfd7 Rf2+ 46. Kh3 1-0


[Site "https://www.chess.com"]

[Event "Titled Tuesday Blitz November 08 Early 2022"]
[White "Bacrot, Etienne"]
[Black "Bluebaum, Matthias"]
[WhiteFideId "605506"]
[BlackFideId "24651516"]
[WhiteElo "2666"]
[BlackElo "2633"]
[Result "1-0"]
[Round "10"]
[TimeControl "180+1"]
[Date "2022.11.08"]
[WhiteClock "0:00:22"]
[BlackClock "0:00:07"]

1. e4 e6 2. Nf3 d5 3. exd5 exd5 4. d4 Nc6 5. Bb5 a6 6. Bxc6+ bxc6 7. O-O Bd6 8. Re1+ Ne7 9. b3 O-O 10. Ba3 Bg4 11. h3 Bh5 12. Bxd6 Qxd6 13. Nbd2 c5 14. dxc5 Qxc5 15. Re5 Bg6 16. c4 Rad8 17. Qe2 Nc6 18. Rxd5 Rxd5 19. cxd5 Qxd5 20. Qxa6 Nb4 21. Qc4 Qd6 22. Ne4 Qb6 23. Nc5 Rd8 24. Ne5 Rd2 25. Nxg6 hxg6 26. Re1 Qf6 27. Re8+ Kh7 28. Ne4 Rd1+ 29. Kh2 Qf4+ 30. g3 Qc1 31. Qxc1 Rxc1 32. Ng5+ Kh6 33. Nxf7+ Kh5 34. Rh8# 1-0


[Site "https://www.chess.com"]

[Event "Titled Tuesday Blitz November 08 Early 2022"]
[White "Balkum, Alexander"]
[Black "Simonovic, Miroslav"]
[WhiteFideId "2005069"]
[BlackFideId "919152"]
[WhiteElo "2339"]
[BlackElo "2043"]
[Result "0-1"]
[Round "10"]
[TimeControl "180+1"]
[Date "2022.11.09"]
[WhiteClock "0:00:06"]
[BlackClock "0:00:46"]

1. e4 c5 2. Nf3 Nc6 3. d4 cxd4 4. Nxd4 a6 5. Nc3 e5 6. Nf5 d6 7. g3 Nf6 8. Bg5 Be7 9. Bxf6 gxf6 10. Ne3 Qa5 11. Bg2 Nd4 12. O-O f5 13. exf5 Nxf5 14. Nxf5 Bxf5 15. Bxb7 Rb8 16. Bc6+ Kf8 17. Qh5 Bg6 18. Qh6+ Kg8 19. h4 Bf8 20. Qg5 h6 21. Qg4 h5 22. Qf3 Rxb2 23. Nd5 Bg7 24. Be8 e4 25. Ne7+ Kf8 26. Nxg6+ Kxe8 27. Qxe4+ Kd7 28. Qe7+ Kc6 29. Nxh8 Bxh8 30. Qxf7 Rxc2 31. Rad1 Qc5 32. Qe8+ Kc7 33. Qxh8 Rc3 34. Qh7+ Kc6 35. Rd3 Rc4 36. Rfd1 a5 0-1


[Site "https://www.chess.com"]

[Event "Titled Tuesday Blitz November 08 Early 2022"]
[White "Baskakov, Egor"]
[Black "Belozerov, Andrei"]
[WhiteFideId "24197866"]
[BlackFideId "4120213"]
[WhiteElo "2211"]
[BlackElo "2360"]
[Result "1-0"]
[Round "10"]
[TimeControl "180+1"]
[Date "2022.11.08"]
[WhiteClock "0:01:22"]
[BlackClock "0:00:02"]

1. e4 c6 2. d4 d5 3. e5 Bf5 4. Ne2 e6 5. Ng3 Bg6 6. h4 h5 7. Bd3 Bxd3 8. cxd3 Qb6 9. Ne2 Nh6 10. Nd2 Nf5 11. Nf3 Nd7 12. O-O Be7 13. Bg5 f6 14. Bf4 O-O-O 15. Rb1 fxe5 16. Nxe5 Nxe5 17. Bxe5 Bxh4 18. b4 Bf6 19. b5 cxb5 20. Rc1+ Kd7 21. Bc7 Qxc7 22. Rxc7+ Kxc7 23. Nf4 Rd6 24. Re1 Nxd4 25. Nxh5 e5 26. Qg4 Kb8 27. f4 e4 28. dxe4 Nc2 29. e5 Nxe1 30. Nxf6 Rc6 31. Qxg7 Rd8 32. Nxd5 a6 33. e6 Rxd5 34. e7 1-0


[Site "https://www.chess.com"]

[Event "Titled Tuesday Blitz November 08 Early 2022"]
[White "Biastoch, Bennet"]
[Black "Timofeev, Artyom"]
[WhiteFideId "12939889"]
[BlackFideId "4140419"]
[WhiteElo "2221"]
[BlackElo "2586"]
[Result "0-1"]
[Round "10"]
[TimeControl "180+1"]
[Date "2022.11.09"]
[WhiteClock "0:01:16"]
[BlackClock "0:01:50"]

1. e4 c5 2. Nf3 Nc6 3. d4 cxd4 4. Nxd4 e5 5. Nb5 a6 6. Nd6+ Bxd6 7. Qxd6 Qe7 8. Qd1 Nf6 9. Nc3 d6 10. Bg5 Be6 11. Be2 O-O 12. O-O Rfd8 13. Nd5 Bxd5 14. exd5 Nb8 15. c4 Nbd7 16. b4 h6 17. Bxf6 Nxf6 18. Bd3 e4 19. Re1 Re8 20. Bxe4 Nxe4 21. f3 Qc7 22. fxe4 Qxc4 23. Qf3 Qxb4 24. Rab1 Qd4+ 25. Kh1 Re7 26. h3 Rae8 27. a3 Rxe4 28. Rxe4 Qxe4 29. Qxe4 Rxe4 30. Rxb7 Ra4 31. Rb6 Kf8 32. Rxd6 Ke7 33. Rb6 Rxa3 34. Kh2 a5 35. Ra6 a4 36. Kg1 Ra2 37. Kh2 Ra3 38. Kg1 h5 39. h4 f6 40. Kh2 g5 41. hxg5 fxg5 42. Rg6 g4 43. Rg5 Kd6 44. Rxh5 Rd3 45. Rh4 g3+ 46. Kh3 a3 47. Ra4 Kxd5 48. Kg4 Kc5 49. Kf4 Kb5 50. Ra8 Kb4 51. Rb8+ Kc3 52. Rc8+ Kb2 53. Rb8+ Rb3 54. Ra8 a2 55. Kg4 a1=Q 0-1


[Site "https://www.chess.com"]

[Event "Titled Tuesday Blitz November 08 Early 2022"]
[White "Bibilashvili, Lali"]
[Black "Thiel, Thomas"]
[WhiteFideId "13604236"]
[BlackFideId "4615964"]
[WhiteElo "1819"]
[BlackElo "2206"]
[Result "1/2-1/2"]
[Round "10"]
[TimeControl "180+1"]
[Date "2022.11.09"]
[WhiteClock "0:00:22"]
[BlackClock "0:00:34"]

1. c4 Nf6 2. g3 g6 3. Bg2 c6 4. e3 d5 5. cxd5 cxd5 6. d4 Bg7 7. Ne2 O-O 8. O-O Nc6 9. Nbc3 Bf5 10. Nf4 e6 11. h3 h5 12. Bf3 g5 13. Nxh5 Bxh3 14. Re1 Nxh5 15. Bxh5 f5 16. Bf3 g4 17. Bg2 Bxg2 18. Kxg2 Kf7 19. Rh1 Rh8 20. Bd2 Rxh1 21. Qxh1 Qh8 22. Nb5 Ke7 23. Rc1 a6 24. Nc3 Rc8 25. Ne2 Kf7 26. Nf4 Bh6 27. Nd3 Bg5 28. Ne5+ Nxe5 29. Rxc8 Qxc8 30. dxe5 Kg6 31. Bc3 Qc6 32. Bd4 Qc2 33. Qh8 Qe4+ 34. Kh2 Qf3 35. Qg8+ Kh6 36. Qh8+ Kg6 37. Qg8+ Kh5 38. Qh7+ Bh6 39. Qf7+ Kg5 40. Qg8+ Kh5 41. Qf7+ Kg5 42. Qg8+ Kh5 43. Qf7+ 1/2-1/2


[Site "https://www.chess.com"]

[Event "Titled Tuesday Blitz November 08 Early 2022"]
[White "Bilan, Danila"]
[Black "Wirig, Anthony"]
[WhiteFideId "24161918"]
[BlackFideId "615013"]
[WhiteElo "2173"]
[BlackElo "2487"]
[Result "1-0"]
[Round "10"]
[TimeControl "180+1"]
[Date "2022.11.09"]
[WhiteClock "0:00:22"]
[BlackClock "0:01:36"]

1. d4 d5 2. Nf3 c6 3. c4 Nf6 4. Nc3 a6 5. cxd5 cxd5 6. Bg5 Nc6 7. e3 Ne4 8. Nxe4 dxe4 9. Nd2 Qa5 10. Bf4 e5 11. dxe5 Be6 12. a3 O-O-O 13. b4 Qd5 14. Qc2 Kb8 15. Bc4 Qd7 16. Bxe6 fxe6 17. Nxe4 Bxb4+ 18. axb4 Nxb4 19. Qc4 Nd3+ 20. Ke2 Nxf4+ 21. exf4 Rc8 22. Qd3 Qf7 23. Nd6 Qh5+ 24. Qf3 Rc1 25. Rhxc1 1-0


[Site "https://www.chess.com"]

[Event "Titled Tuesday Blitz November 08 Early 2022"]
[White "Bok, Benjamin"]
[Black "Kosteniuk, Alexandra"]
[WhiteFideId "1017063"]
[BlackFideId "4128125"]
[WhiteElo "2658"]
[BlackElo "2469"]
[Result "1-0"]
[Round "10"]
[TimeControl "180+1"]
[Date "2022.11.09"]
[WhiteClock "0:00:10"]
[BlackClock "0:00:02"]

1. d4 f5 2. g3 Nf6 3. Bg2 g6 4. Nf3 Bg7 5. O-O O-O 6. c4 d6 7. Nc3 a5 8. b3 e5 9. dxe5 dxe5 10. Ba3 Re8 11. Qxd8 Rxd8 12. Nxe5 Ne4 13. Nxe4 Bxe5 14. Rad1 Nc6 15. Ng5 Re8 16. Bxc6 bxc6 17. e3 a4 18. Bc5 axb3 19. axb3 Ra2 20. Rd3 Bf6 21. Nf3 Be6 22. Rfd1 Rea8 23. Bd4 Kf7 24. h4 Rb8 25. Bxf6 Kxf6 26. Ng5 h6 27. Nxe6 Kxe6 28. Rd7 Rxb3 29. Rxc7 Rbb2 30. Rxc6+ Ke5 31. Rf1 g5 32. Rxh6 g4 33. Rc6 Rc2 34. Kg2 Ke4 35. Re6+ Kd3 36. Re5 Kxc4 37. Rxf5 Kd3 38. Rf4 1-0


[Site "https://www.chess.com"]

[Event "Titled Tuesday Blitz November 08 Early 2022"]
[White "Bortnyk, Olexandr"]
[Black "Andreikin, Dmitry"]
[WhiteFideId "14120828"]
[BlackFideId "4158814"]
[WhiteElo "2723"]
[BlackElo "2736"]
[Result "0-1"]
[Round "10"]
[TimeControl "180+1"]
[Date "2022.11.08"]
[WhiteClock "0:00:01"]
[BlackClock "0:00:02"]

1. e4 e5 2. Nf3 Nc6 3. Bb5 Nf6 4. Qe2 a6 5. Ba4 Bc5 6. c3 b5 7. Bc2 O-O 8. O-O d6 9. h3 Bb6 10. d3 Ne7 11. Rd1 Ng6 12. Be3 Nh5 13. d4 Ngf4 14. Qf1 Qf6 15. Nbd2 c5 16. dxe5 dxe5 17. g4 c4 18. Kh2 Qh6 19. Bxb6 Bxg4 20. hxg4 Nf6+ 21. Kg3 Nxg4 22. Kxg4 Qh5+ 23. Kg3 Qg6+ 24. Kh2 Qh5+ 25. Kg3 Qg6+ 26. Ng5 f6 27. Nf3 fxg5 28. Be3 Qh5 29. Bxf4 Rxf4 30. Nh2 Raf8 31. f3 Rh4 32. Qg2 Rxh2 33. Rg1 Rxg2+ 34. Rxg2 Rxf3# 0-1


[Site "https://www.chess.com"]